 Dungeon Crawl Stone Soup version 0.28-a0-687-gb91baff9cc (webtiles) character file.

Game seed: 465466654356627136

149281 spiderkeys the Fighter (level 17, -5/97 HPs)
             Began as a Vine Stalker Abyssal Knight on Oct 20, 2021.
             Was the Champion of Lugonu.
             Slain by a nagaraja (29 damage)
             ... on level 3 of the Snake Pit.
             The game lasted 01:11:43 (28727 turns).

spiderkeys the Fighter (VSAK)                      Turns: 28727, Time: 01:11:44

Health: -5/97      AC: 19    Str: 16    XL:     17   Next: 51%
Magic:  0/25       EV: 17    Int: 16    God:    Lugonu [******]
Gold:   1605       SH:  9    Dex: 19    Spells: 10/26 levels left

rFire   + + .      SeeInvis +   X - +8 lance "Wyrmbane" {slay drac, rPois rF+ rC+ AC+3}
rCold   + + +      Faith    .   s - +3 warlock's mirror {reflect}
rNeg    . . .      Spirit   +   C - +3 leather armour "Foiczy Muto" {rC+ Str-3 Slay+3}
rPois   +          Reflect  +   e - +2 helmet
rElec   +          Harm     .   d - +2 cloak {rPois}
rCorr   .          Rampage  .   G - +1 pair of gloves of Action {rElec}
Will    ++...                   M - +1 pair of boots of the Evening {+Inv rC+}
Stlth   +++.......              g - amulet of regeneration
HPRegen 2.26/turn               w - ring of Mierghog {rF+ SInv}
MPRegen 0.19/turn               I - +6 ring of intelligence

@: constricted, studying Hexes
A: fangs 3, regeneration 1, magic shield, antimagic bite, no potion heal 2
a: Renounce Religion, Evoke Invisibility, Depart the Abyss, Bend Space, Banish,
Corrupt, Enter the Abyss, Brand Weapon With Distortion


You were on level 3 of the Snake Pit.
You worshipped Lugonu.
Lugonu was exalted by your worship.
You visited 4 branches of the dungeon, and saw 26 of its levels.
You visited the Abyss 1 time.
You also visited: Ossuary and Gauntlet.

You collected 2896 gold pieces.
You spent 1291 gold pieces at shops.


Innate Abilities, Weirdness & Mutations

You have razor-sharp teeth.
Your natural rate of healing is unusually fast.
When hurt, damage is shared between your health and your magic reserves.
Your bite disrupts and absorbs the magic of your enemies.
Potions cannot restore your health.


   Skills:
 + Level 14.0 Fighting
 - Level 2.0(5.2) Short Blades
 - Level 7.6(7.8) Long Blades
 - Level 12.0 Polearms
 + Level 6.8 Throwing
 - Level 1.5 Armour
 + Level 12.6 Dodging
 - Level 5.0 Stealth
 - Level 4.0 Shields
 - Level 5.0 Spellcasting
 + Level 11.3 Hexes
 - Level 10.4 Invocations


You had 10 spell levels left.
You knew the following spells:

 Your Spells              Type           Power      Damage    Failure   Level
a - Passwall              Tmut/Erth      3%         N/A       28%         2
c - Confusing Touch       Hex            40%        N/A       1%          3
d - Dazzling Flash        Conj/Hex       44%        N/A       5%          3
e - Ensorcelled Hibernat  Hex/Ice        44%        N/A       2%          2
i - Invisibility          Hex            20%        N/A       26%         6

Your spell library contained the following spells:

 Spells                   Type           Power      Damage    Failure   Level
 Slow                     Hex            40%        N/A       1%          2
 Cause Fear               Hex            20%        N/A       1%          4
 Inner Flame              Hex/Fire       22%        N/A       5%          3
 Sting                    Tmut/Pois      16%        1d3       19%         1
 Blink                    Tloc           N/A        N/A       28%         2
 Corpse Rot               Necr/Air       8%         N/A       28%         2
 Poisonous Vapours        Pois/Air       8%         N/A       28%         2
 Conjure Flame            Conj/Fire      4%         6-21      50%         3
 Ignite Poison            Fire/Tmut/Pois 4%         N/A       50%         3
 Lesser Beckoning         Tloc           4%         N/A       50%         3
 Spider Form              Tmut/Pois      2%         N/A       50%         3
 Swiftness                Air            4%         N/A       50%         3
 Vampiric Draining        Necr           2%         2d6       50%         3
 Animate Dead             Necr           2%         N/A       88%         4
 Iskenderun's Mystic Bla  Conj/Tloc      4%         2d3       88%         4
 Olgreb's Toxic Radiance  Pois           4%         N/A       88%         4
 Sticky Flame             Conj/Fire      4%         2d3       88%         4
 Blade Hands              Tmut           2%         N/A       99%         5
 Borgnjor's Vile Clutch   Necr/Erth      2%         N/A       99%         5
 Freezing Cloud           Conj/Ice/Air   2%         6-21      99%         5
 Irradiate                Conj/Tmut      2%         3d14      99%         5
 Manifold Assault         Tloc           4%         N/A       99%         5
 Death Channel            Necr           2%         N/A       100%        6
 Simulacrum               Ice/Necr       2%         N/A       100%        6
 Starburst                Conj/Fire      2%         6d3       100%        6
 Dragon Form              Tmut           2%         N/A       100%        7
 Discord                  Hex            20%        N/A       100%        8
 Polar Vortex             Ice            2%         N/A       100%        9

Inventory:

Hand Weapons
 f - the +5 falchion of Edighagg {elec, rElec Int+6}
   (You found it on level 1 of the Abyss)

   It occasionally discharges a powerful burst of electricity upon striking a
   foe.
   Int:       It affects your intelligence (+6).
   rElec:     It insulates you from electricity.
 k - the +6 short sword of Ashenzari {freeze, rF+ rC+ Will-}
   (You bought it in a shop on level 12 of the Dungeon)

   It freezes those it strikes, dealing additional cold damage.
   It can also slow down cold-blooded creatures.
   rF:        It protects you from fire.
   rC:        It protects you from cold.
   Will:      It decreases your willpower.
 X - the +8 lance "Wyrmbane" (weapon) {slay drac, rPois rF+ rC+ AC+3}
   (You found it on level 10 of the Dungeon)

   It inflicts extra damage against dragons and draconians.
   AC:        It affects your AC (+3).
   rF:        It protects you from fire.
   rC:        It protects you from cold.
   rPois:     It protects you from poison.
Missiles
 a - 116 poisoned darts
 r - 7 atropa-tipped darts
 B - 6 javelins
 E - 24 boomerangs
 W - 3 curare-tipped darts {=f}
Armour
 d - a +2 cloak of poison resistance (worn)
   (You took it off Maurice on level 8 of the Dungeon)
 e - a +2 helmet (worn)
   (You found it on level 1 of the Abyss)
 s - the +3 warlock's mirror (worn) {reflect}
   (You acquired it on level 2 of the Orcish Mines)

   It can block and reflect piercing ranged attacks and magical attacks against
   the wielder's willpower.
 t - a +2 pair of gloves of archery
   (You found it in a Gauntlet)
 C - the +3 leather armour "Foiczy Muto" (worn) {rC+ Str-3 Slay+3}
   (You bought it in a shop on level 2 of the Orcish Mines)

   Str:       It affects your strength (-3).
   Slay:      It affects your accuracy & damage with ranged weapons and melee
   (+3).
   rC:        It protects you from cold.
 G - the +1 pair of gloves of Action (worn) {rElec}
   (You found it on level 2 of the Lair of Beasts)

   rElec:     It insulates you from electricity.
 M - the +1 pair of boots of the Evening (worn) {+Inv rC+}
   (You found it in a Gauntlet)

   rC:        It protects you from cold.
   +Inv:      It lets you turn invisible.
Jewellery
 g - an amulet of regeneration (around neck)
   (You found it on level 10 of the Dungeon)
 w - the ring of Mierghog (left hand) {rF+ SInv}
   (You found it in a Gauntlet)

   [ring of see invisible]

   rF:        It protects you from fire.
   SInv:      It lets you see invisible.
 I - a +6 ring of intelligence (right hand)
   (You found it on level 14 of the Dungeon)
 Q - a ring of willpower
   (You found it on level 5 of the Lair of Beasts)
 R - a ring of resist corrosion
   (You took it off a meliai on level 13 of the Dungeon)
 Z - a ring of wizardry
   (You found it in a Gauntlet)
Wands
 b - a wand of paralysis (6)
   (You took it off Pikel on level 5 of the Dungeon)
 h - a wand of charming (5)
   (You found it on level 2 of the Snake Pit)
 v - a wand of acid (12)
   (You found it in a Gauntlet)
 L - a wand of digging (7)
   (You found it on level 7 of the Dungeon)
Scrolls
 i - 2 scrolls of fear
 l - 3 scrolls of brand weapon
 n - 7 scrolls of amnesia
 o - a scroll of fog
 p - 4 scrolls of holy word
 u - 6 scrolls of vulnerability {!r!r}
 x - 7 scrolls of enchant weapon
 y - 3 scrolls of summoning
 F - 3 scrolls of enchant armour
 H - 7 scrolls of teleportation {@r4}
 J - 2 scrolls of silence {!r}
 K - 4 scrolls of immolation {!r!r}
 O - 2 scrolls of magic mapping {!r}
 T - 5 scrolls of blinking {!r}
Potions
 c - 11 potions of curing {@q1}
 j - 5 potions of resistance
 m - 2 potions of magic
 q - 3 potions of might
 z - 6 potions of berserk rage {!q}
 A - 7 potions of flight
 D - a potion of lignification {!q}
 N - 4 potions of heal wounds {@q2}
 P - 12 potions of ambrosia
 S - 4 potions of attraction {!q}
 V - 4 potions of mutation {!q}
 Y - 2 potions of cancellation
Miscellaneous
 U - a box of beasts
   (You found it on level 9 of the Dungeon)

Dungeon Overview and Level Annotations

Branches:
Dungeon (15/15)            Temple (0/1) D:7            Lair (6/6) D:9
 Shoals (0/4) Lair:3        Snake (3/4) Lair:4        Slime (0/5) Lair:5
    Orc (2/2) D:11            Elf (0/3) Orc:2        Vaults (0/5) D:13
 Depths (0/4) D:15        Ossuary (visited)         Gauntlet (visited)

Altars:
Cheibriados
Dithmenos
Elyvilon
Fedhas
Gozag
Makhleb
Qazlal
Ru
Sif Muna
Uskayaw
Vehumet
Xom

Shops:
D:12 (   Orc:1 !*   Orc:2 =[**

Portals:
Pandemonium: Orc:2

Annotations:
D:3 1 runed translucent door, Crazy Yiuf
D:5 2 transporters, hgbash's ghost, weakling GnDe
D:8 1 transporter, exclusion: ice statue, Recklessfrenzy's ghost, novice MiBe
D:15 1 runed translucent door
Abyss:1 Azrael; Nessos

###.. ..#.#
##.#.## ..
#.....# #.#+##
#.....##.....#
#.....##.....# ..
#..)..##.....#
.⌠..#.@...#..⌠..#
....#N....#.....#
.......⌠.......#
#.............##
##..⌠..<..⌠..##
##.........##
##...⌠)..##
##.†††.## ###†###


You could see a nagaraja (strong).


Message History

You are too injured to fight recklessly!
Unknown command.
You are too injured to fight recklessly!
Unknown command.
You are too injured to fight recklessly!
The naga warrior blocks your attack.
You bite the naga warrior, but do no damage.
A nagaraja comes into view. It is wielding a +0 halberd. 😮 HP[+1]
You hit the naga warrior but do no damage.
Your bite misses the naga warrior.
You feel sick.
The naga warrior hits you but does no damage.
The naga warrior constricts you.
You puncture the naga warrior! You bite the naga warrior. You drain its power.
You feel invigorated. 😮 HP[+1] MP[+1]
You impale the naga warrior!! Your bite misses the naga warrior.
You feel sick. The naga warrior barely misses you.
The naga warrior constricts you. 😮 HP[-1] MP[-1]
You take 1 damage, and now have 66/97 hp.
You lost 1 mp, and now have 17/25 mp.
Unknown command.
You puncture the naga warrior!
You bite the naga warrior, but do no damage. 😮 HP[+1]
You hit the naga warrior but do no damage.
The naga warrior blocks your attack.
You feel sick.
You are no longer poisoned.
You block the naga warrior's attack. The naga warrior constricts you.
The nagaraja casts a spell at you. The bolt of poison misses you.
The naga warrior blocks your attack. x2 😮 HP[+1] MP[+1]
The naga warrior blocks your attack.
You bite the naga warrior. You drain its power.
You feel invigorated. The naga warrior barely misses you.
The naga warrior constricts you. 😮 HP[-3] MP[+6]
You take 3 damage, and now have 65/97 hp.
You regained 6 mp, and now have 24/25 mp.
The naga warrior blocks your attack.
You bite the naga warrior. You drain its power.
You feel invigorated. 😮 HP[+1] MP[+1]
Your mp is fully restored (25).
You hit the naga warrior. You bite the naga warrior! You drain its power.
The naga warrior spits poison at you.
The splash of poison hits you but does no damage.
You resist.
The naga warrior constricts you. 😮 HP[+1]
You completely miss the naga warrior. The naga warrior blocks your attack.
The nagaraja spits poison at you.
The splash of poison misses you. 😮 HP[+1]
You barely miss the naga warrior. The naga warrior blocks your attack.
The naga warrior roars a battlecry!
The nagaraja goes into a battle-frenzy!
The naga warrior constricts you. 😮 HP[-2] MP[-2]
You take 2 damage, and now have 66/97 hp.
You lost 2 mp, and now have 23/25 mp.
The naga warrior blocks your attack.
The nagaraja hits you from afar with a +0 halberd. 😮 HP[-1] MP[-1]
You take 1 damage, and now have 65/97 hp.
You lost 1 mp, and now have 22/25 mp.
You puncture the naga warrior!
The naga warrior hits you with a +0 mace.
The naga warrior constricts you. 😮 HP[-3]
You take 3 damage, and now have 62/97 hp.
You barely miss the naga warrior. The naga warrior blocks your attack.
The nagaraja hits you from afar with a +0 halberd!!
* * * LOW HITPOINT WARNING * * *
😨 HP[-16] MP[-6]
You take 16 damage, and now have 46/97 hp.
You lost 6 mp, and now have 16/25 mp.
You puncture the naga warrior!
You kill the naga warrior!
Lugonu accepts your kill. 😨 HP[+1]
The nagaraja closely misses you. The nagaraja grabs you.
The nagaraja constricts you.
* * * LOW HITPOINT WARNING * * *
You see here a guardian serpent corpse. 😨 HP[+1]
You hit the nagaraja. Your bite misses the nagaraja.
The nagaraja hits you with a +0 halberd!!
* * * LOW HITPOINT WARNING * * *
The nagaraja constricts you.
* * * LOW HITPOINT WARNING * * *
😱 HP[-27] MP[-9]
You take 27 damage, and now have 21/97 hp.
MASSIVE DAMAGE!! (PAUSE)
You lost 9 mp, and now have 7/25 mp.
You hit the nagaraja but do no damage. 😱 HP[+2]
You regained 2 hp, and now have 23/97 hp.
You puncture the nagaraja!
The nagaraja hits you with a +0 halberd!!!
You die...

Skill      XL: |  1  2  3  4  5  6  7  8  9 10 11 12 13 14 15 16 17 |
---------------+----------------------------------------------------+-----
Dodging        | 1 2 3 4 5 6 7 8 9 10 11 12 | 12.6
Invocations    | 2 3 4 5 6 7 8 9 10 | 10.4
Short Blades   | 2 |  2.0
Fighting       | 3 4 5 6 7 8 9 10 11 12 13 14 | 14.0
Long Blades    | 1 2 3 4 5 6 7 |  7.6
Stealth        | 1 4 5 |  5.0
Hexes          | 4 5 6 8 9 11 | 11.3
Spellcasting   | 4 5 |  5.0
Polearms       | 2 5 8 9 10 11 12 | 12.0
Shields        | 2 4 |  4.0
Throwing       | 3 5 6 |  6.8
Armour         | |  1.5

Action                   |  1- 3 |  4- 6 |  7- 9 | 10-12 | 13-15 | 16-18 || total
-------------------------+-------+-------+-------+-------+-------+-------++-------
Melee: Falchion          |    75 |   100 |   256 |   842 |   159 |       ||  1432
       Bite              |    10 |    22 |    84 |   300 |   510 |   393 ||  1319
       Lance             |       |       |       |       |  1258 |  1179 ||  2437
Throw: Stone             |       |     3 |       |       |       |       ||     3
       Boomerang         |       |       |     2 |       |       |       ||     2
       Dart              |       |       |       |    18 |     8 |     5 ||    31
Invok: Depart the Abyss  |     1 |       |       |       |       |       ||     1
       Banish            |       |       |       |     3 |     4 |     2 ||     9
       Bend Space        |       |       |       |     3 |     4 |     2 ||     9
       Corrupt           |       |       |       |       |     1 |       ||     1
Evoke: Wand              |       |       |     4 |     8 |    12 |    10 ||    34
       Box of beasts     |       |       |       |     1 |     1 |     2 ||     4
  Use: Potion            |     2 |       |     2 |     1 |     7 |     2 ||    14
       Scroll            |     1 |     7 |     8 |     4 |    10 |     4 ||    34
 Stab: Sleeping          |     3 |     2 |     5 |    10 |    17 |     9 ||    46
       Paralysed         |       |       |       |     7 |       |       ||     7
       Distracted        |       |       |       |     4 |     3 |     2 ||     9
       Petrifying        |       |       |       |       |     1 |       ||     1
       Petrified         |       |       |       |       |       |     1 ||     1
Armor: Leather armour    |    21 |    32 |       |       |   244 |   315 ||   612
       Steam dragon scal |       |       |    77 |   345 |    47 |       ||   469
       Skin              |       |       |       |       |       |     4 ||     4
Dodge: Dodged            |    48 |    49 |   154 |   606 |   675 |   630 ||  2162
       Repelled          |       |       |     1 |       |       |       ||     1
Block: Buckler           |       |       |       |    22 |   437 |   401 ||   860
       Reflection        |       |       |       |       |    57 |    33 ||    90

Levels and vault maps discovered:
D:1:      minmay_arrival_split_and_join, layout_loops_ring,
          shapermc_ecumenical_altar_petra
D:2:      minmay_chambers_of_ones, layout_rooms, uniq_jessica
D:3:      cheibrodos_greedy_goblins, layout_loops_cross,
          guppyfry_early_orc_mine, uniq_crazy_yiuf_cottage
D:4:      layout_loops_ring, chequers_temple_overflow_minitemple,
          roderic_serpentine_path, uniq_ijyb, uniq_edmund, uniq_robin
D:5:      layout_basic, grunt_temple_overflow_champion_of_chaos,
          gammafunk_ghost_smash, uniq_pikel
D:6:      layout_basic, general_overflow_altar, uniq_eustachio
D:7:      layout_basic, minmay_temple_entry_statues_fountains,
          minmay_misc_feat_roman
D:8:      layout_basic, nzn_ghost_randoct, nicolae_ossuary_entry_monument,
          uniq_maurice
D:9:      due_megacathedral, layout_basic, elyvilon_altar_5,
          due_lair_maze_entry_diamond, uniq_psyche
D:10:     layout_cave_pods, serial_undead, serial_undead_e, serial_undead_e,
          serial_undead_e, serial_undead_d
D:11:     layout_rooms, erik_orc_4, minmay_lizard_king
D:12:     nzn_winding_woodlands_three_and_one
          [nzn_winding_woodlands_5x15_concentric,
          nzn_winding_woodlands_5x15_longhouse,
          nzn_winding_woodlands_5x15_pockets,
          nzn_winding_woodlands_center_pierced_h], layout_loops_cross,
          serial_shops, nicolae_shop_waterfront
D:13:     layout_gridville, grunt_vaults_entry_fortified, kennysheep_dice
D:14:     layout_layer_cave, drop_trap, kennysheep_generic_room_6, uniq_snorg
D:15:     gammafunk_depths_entry_grave, layout_loops_ring,
          chequers_serial_rivers_large_a, gauntlet_entry_generic,
          kennysheep_treasure_room, uniq_josephine
Lair:1:   layout_cave_pods, uniq_harold
Lair:2:   gammafunk_worm_tunnel, layout_cave_pods, uniq_erica
Lair:3:   layout_roguey [special_room_bee], minmay_shoals_entry_centaurs,
          uniq_gastronok
Lair:4:   layout_small_grid, minmay_snake_entry_guardpost_small,
          chequers_serial_rivers_large_b, lemuel_fruit_fields
Lair:5:   layout_roguey, minmay_slime_entry_oklob_enclosed, ice2_lemuel
Lair:6:   gammafunk_lair_ancient_temple, layout_cave_pods, portal_ice_cave_rime,
          evilmike_ambush [evilmike_ambush_outer_pillars,
          evilmike_ambush_inner_pond], uniq_nessos
Snake:1:  layout_concentric_octagons, uniq_agnes
Snake:2:  layout_chambers, grunt_megastairs_2, uniq_vashnia
Snake:3:  layout_gridlike, grunt_megastairs_3, uniq_kirke
Orc:1:    layout_diamond_mine, serial_shops, shop, nicolae_shop_gadgets
Orc:2:    pf_orc_diabolical, layout_diamond_mine, basic_altar, uniq_azrael

Notes
Turn   | Place    | Note
-------+----------+-------------------------------------------
     0 | Abyss:1  | spiderkeys the Vine Stalker Abyssal Knight began the quest
                  | for the Orb.
     0 | Abyss:1  | Reached XP level 1. HP: 11/11 MP: 3/3
     0 | Abyss:1  | magus.rc [v1.9.10]
    32 | Abyss:1  | Found a corrupted altar of Lugonu.
   146 | Abyss:1  | Found a corrupted altar of Lugonu.
   308 | Abyss:1  | Noticed a small abomination
   316 | Abyss:1  | Noticed a freezing wraith
   319 | Abyss:1  | Found a corrupted altar of Lugonu.
   324 | Abyss:1  | Noticed a spatial vortex
   334 | Abyss:1  | Noticed a spriggan defender simulacrum
   345 | Abyss:1  | Identified the +5 falchion of Edighagg {elec, rElec Int+6}
   347 | D:1      | You pass through the gate.
   347 | D:1      | Escaped the Abyss
   581 | D:1      | Reached skill level 1 in Dodging
   581 | D:1      | Reached skill level 2 in Invocations
   618 | D:1      | Reached XP level 2. HP: 16/16 MP: 4/4
   679 | D:1      | Reached skill level 2 in Short Blades
   814 | D:1      | Reached * piety under Lugonu
   845 | D:1      | You pick up a book of Debilitation and begin reading...
   845 | D:1      | You add the spells Slow, Vampiric Draining and Confusing
                  | Touch to your library.
  1001 | D:1      | You pick up a book of Hexes and begin reading...
  1001 | D:1      | You add the spells Inner Flame, Cause Fear and Discord to
                  | your library.
  1035 | D:1      | Reached skill level 3 in Fighting
  1035 | D:1      | Reached XP level 3. HP: 20/20 MP: 5/5
  1063 | D:1      | Found a faded altar of an unknown god.
  1311 | D:1      | You pick up a book of Burglary and begin reading...
  1311 | D:1      | You add the spells Passwall, Swiftness and Invisibility to
                  | your library.
  1436 | D:2      | HP: 5/20 [poisoned by an adder]
  1438 | D:2      | HP: 2/20 [poisoned by an adder]
  1897 | D:2      | Reached skill level 1 in Long Blades
  2057 | D:2      | HP: 5/20 [gnoll (3)]
  2083 | D:1      | HP: 1/20 [gnoll (6)]
  2086 | D:1      | Gained mutation: Your natural rate of healing is unusually
                  | fast. [Vine Stalker growth]
  2086 | D:1      | Reached XP level 4. HP: 2/24 MP: 3/6
  2427 | D:2      | Reached ** piety under Lugonu
  2445 | D:2      | Noticed Jessica
  2448 | D:2      | Killed Jessica
  2449 | D:2      | Reached XP level 5. HP: 19/28 MP: 4/8
  2500 | D:2      | Reached skill level 2 in Dodging
  2806 | D:3      | Found a runed translucent door.
  2807 | D:3      | Noticed Crazy Yiuf
  2873 | D:3      | Reached skill level 3 in Invocations
  3111 | D:3      | Reached skill level 2 in Long Blades
  3643 | D:4      | Noticed an ogre
  3650 | D:4      | Killed an ogre
  3651 | D:4      | Reached XP level 6. HP: 33/33 MP: 9/9
  3804 | D:4      | Reached skill level 4 in Fighting
  3825 | D:4      | Noticed a steam dragon
  3831 | D:4      | Killed a steam dragon
  3832 | D:4      | Reached XP level 7. HP: 20/37 MP: 4/10
  3892 | D:4      | Reached skill level 3 in Long Blades
  3892 | D:4      | Reached skill level 3 in Dodging
  3892 | D:4      | Reached skill level 4 in Invocations
  3957 | D:4      | Noticed Robin
  3973 | D:4      | Reached *** piety under Lugonu
  3987 | D:4      | Killed Robin
  4226 | D:4      | Noticed Ijyb
  4388 | D:4      | Noticed Edmund
  4396 | D:4      | Killed Edmund
  4397 | D:4      | Gained mutation: You have razor-sharp teeth. [Vine Stalker
                  | growth]
  4397 | D:4      | Reached XP level 8. HP: 42/42 MP: 9/12
  4522 | D:4      | Killed Ijyb
  4659 | D:4      | Found a hide-covered altar of Uskayaw.
  4659 | D:4      | Found a stormy altar of Qazlal.
  4666 | D:4      | Found an opulent altar of Gozag.
  4668 | D:4      | Found a shadowy altar of Dithmenos.
  4670 | D:4      | Found a sacrificial altar of Ru.
  4808 | D:5      | Entered Level 5 of the Dungeon
  4820 | D:4      | Reached skill level 5 in Fighting
  4831 | D:5      | Reached skill level 4 in Long Blades
  4861 | D:5      | Noticed Pikel
  4944 | D:5      | Killed Pikel
  4945 | D:5      | Reached skill level 4 in Dodging
  4945 | D:5      | Reached skill level 5 in Invocations
  5068 | D:5      | Reached skill level 1 in Stealth
  5241 | D:5      | Reached XP level 9. HP: 39/48 MP: 11/14
  5479 | D:5      | Found a burning altar of Makhleb.
  5479 | D:5      | Found a shimmering altar of Xom.
  5484 | D:5      | Reached skill level 2 in Stealth
  5551 | D:5      | Reached skill level 5 in Long Blades
  5571 | D:5      | Found a transporter.
  5573 | D:5      | Noticed hgbash's ghost (weakling GnDe)
  5576 | D:5      | Identified the +7 dire flail of Demonkind {spect, Int+3}
  5579 | D:5      | Found a transporter.
  5748 | D:6      | Reached skill level 6 in Invocations
  5792 | D:6      | Reached skill level 6 in Fighting
  5813 | D:6      | Reached skill level 3 in Stealth
  5855 | D:6      | Reached skill level 5 in Dodging
  5887 | D:6      | Reached **** piety under Lugonu
  5927 | D:6      | Found a shimmering blue altar of Sif Muna.
  6025 | D:6      | Noticed Eustachio
  6048 | D:6      | HP: 4/48 [ogre (23)]
  6117 | D:6      | Killed Eustachio
  6118 | D:6      | Reached skill level 4 in Stealth
  6574 | D:7      | Found a staircase to the Ecumenical Temple.
  6956 | D:7      | Reached XP level 10. HP: 50/53 MP: 14/16
  7059 | D:7      | Learned a level 3 spell: Confusing Touch
  7062 | D:7      | Learned a level 2 spell: Passwall
  7190 | D:8      | Found a sand-covered staircase.
  7197 | Ossuary  | Entered an ossuary
  7336 | Ossuary  | Reached ***** piety under Lugonu
  7347 | Ossuary  | Reached skill level 5 in Stealth
  7378 | Ossuary  | Reached skill level 1 in Hexes
  7405 | Ossuary  | Reached skill level 1 in Spellcasting
  7501 | D:8      | Noticed a two-headed ogre
  7512 | D:8      | Killed a two-headed ogre
  7513 | D:8      | Reached skill level 6 in Long Blades
  7513 | D:8      | Reached skill level 2 in Spellcasting
  7513 | D:8      | Reached skill level 2 in Hexes
  7513 | D:8      | Reached skill level 7 in Invocations
  7590 | D:8      | Noticed an ice statue
  7601 | D:8      | Found a transporter.
  7603 | D:8      | Noticed Recklessfrenzy's ghost (novice MiBe)
  7609 | D:8      | Noticed a gargoyle
  7619 | D:8      | Noticed a deep elf pyromancer
  7619 | D:8      | Noticed a two-headed ogre
  7638 | D:8      | Noticed Maurice
  7647 | D:8      | Killed Maurice
  7735 | D:8      | Found a transporter.
  7846 | D:8      | Reached skill level 3 in Hexes
  8010 | D:8      | Reached skill level 7 in Fighting
  8010 | D:8      | Reached skill level 3 in Spellcasting
  8132 | D:9      | Noticed Psyche
  8143 | D:9      | Killed Psyche
  8266 | D:9      | Reached skill level 6 in Dodging
  8327 | D:9      | Reached skill level 4 in Hexes
  8331 | D:9      | Reached skill level 4 in Spellcasting
  8434 | D:9      | Reached XP level 11. HP: 58/58 MP: 18/18
  8439 | D:9      | Found a staircase to the Lair.
  8647 | D:9      | Found a white marble altar of Elyvilon.
  8709 | D:9      | Found a runed translucent door.
  8715 | D:9      | Found a snail-covered altar of Cheibriados.
  8735 | D:9      | Found a radiant altar of Vehumet.
  8743 | D:9      | Noticed a flayed ghost
  8758 | D:9      | Found a blossoming altar of Fedhas.
  8794 | D:9      | Found a shadowy altar of Dithmenos.
  8816 | D:9      | Reached skill level 5 in Hexes
  8859 | D:9      | Reached skill level 5 in Spellcasting
  8874 | D:9      | Found a shadowy altar of Dithmenos.
  8891 | D:9      | Reached skill level 7 in Long Blades
  8899 | D:9      | Found a radiant altar of Vehumet.
  9292 | D:9      | Killed a flayed ghost
  9296 | D:9      | Identified the +7 arbalest of Income {penet, +Blink rPois
                  | rC- Will+}
  9342 | D:10     | Entered Level 10 of the Dungeon
  9426 | D:10     | Reached skill level 8 in Fighting
  9473 | D:10     | You add the spells Sting, Poisonous Vapours and Olgreb's
                  | Toxic Radiance to your library.
  9726 | D:10     | Reached skill level 7 in Dodging
  9734 | D:10     | Found the +8 lance "Wyrmbane" {slay drac, rPois rF+ rC+
                  | AC+3}
 10070 | D:11     | Noticed a two-headed ogre
 10076 | D:11     | Killed a two-headed ogre
 10077 | D:11     | Reached skill level 1 in Polearms
 10099 | D:11     | Noticed a two-headed ogre
 10106 | D:11     | Killed a two-headed ogre
 10126 | D:11     | Reached skill level 2 in Polearms
 10285 | D:11     | Reached XP level 12. HP: 50/65 MP: 12/20
 10305 | D:11     | Reached ****** piety under Lugonu
 10332 | D:11     | Noticed a boulder beetle
 10337 | D:11     | Reached skill level 3 in Polearms
 10341 | D:11     | Banished a boulder beetle
 10352 | D:11     | Found a staircase to the Orcish Mines.
 10770 | Orc:1    | Entered Level 1 of the Orcish Mines
 10781 | Orc:1    | Reached skill level 4 in Polearms
 10804 | Orc:1    | Found Monoet's Distillery.
 10827 | Orc:1    | Reached skill level 6 in Hexes
 10904 | Orc:1    | Found Qoetroqi's Gadget Gallery.
 11283 | Orc:2    | Entered Level 2 of the Orcish Mines
 11294 | Orc:2    | Found a staircase to the Elven Halls.
 11309 | Orc:2    | Found a shimmering altar of Xom.
 11440 | Orc:2    | Noticed Azrael
 11441 | Orc:2    | Banished Azrael
 11442 | Orc:2    | Reached skill level 9 in Fighting
 11547 | Orc:2    | Reached skill level 8 in Invocations
 11654 | Orc:2    | Reached skill level 5 in Polearms
 11684 | Orc:2    | Found Vuocetou's General Store.
 11685 | Orc:2    | Found Vauxoh's General Store.
 12135 | Orc:2    | Bought a scroll of acquirement for 832 gold pieces
 12137 | Orc:2    | Acquired the +3 warlock's mirror {reflect}
 12137 | Orc:2    | Found the +3 warlock's mirror {reflect}
 12213 | Orc:2    | Reached skill level 8 in Dodging
 12213 | Orc:2    | Reached skill level 1 in Shields
 12239 | Orc:2    | Noticed an orc high priest
 12257 | Orc:2    | Banished an orc high priest
 12258 | Orc:2    | Reached skill level 2 in Shields
 12350 | Orc:2    | Reached XP level 13. HP: 66/70 MP: 4/21
 12566 | Orc:2    | Reached skill level 6 in Polearms
 12566 | Orc:2    | Reached skill level 3 in Shields
 12693 | Orc:2    | Reached skill level 4 in Shields
 13154 | Orc:2    | Reached skill level 10 in Fighting
 13189 | Orc:2    | Reached skill level 7 in Polearms
 13203 | Orc:2    | Found Fegraum's Antique Armour Shoppe.
 13203 | Orc:2    | Found Declaw's Jewellery Emporium.
 13204 | Orc:2    | Found a one-way gate leading to the halls of Pandemonium.
 13210 | Orc:2    | Bought a scorched leather armour for 203 gold pieces
 13210 | Orc:2    | Identified the +3 leather armour "Foiczy Muto" {rC+ Str-3
                  | Slay+3} (You bought it in a shop on level 2 of the Orcish
                  | Mines)
 13654 | D:12     | Reached skill level 9 in Dodging
 13961 | D:12     | Found Verothro's Antique Weapon Boutique.
 13970 | D:12     | Bought a masterwork short sword for 256 gold pieces
 13970 | D:12     | Identified the +6 short sword of Ashenzari {freeze, rF+ rC+
                  | Will-} (You bought it in a shop on level 12 of the Dungeon)
 14283 | D:12     | Reached skill level 8 in Polearms
 14295 | D:12     | Reached XP level 14. HP: 24/77 MP: 22/22
 14378 | D:12     | You pick up a book of Spectacle and begin reading...
 14378 | D:12     | You add the spells Dazzling Flash, Iskenderun's Mystic
                  | Blast and Starburst to your library.
 14518 | D:12     | Reached skill level 11 in Fighting
 14530 | D:12     | Reached skill level 7 in Hexes
 14875 | D:13     | Reached skill level 10 in Dodging
 14906 | D:13     | Aim: a gargoyle, wielding a +0 vorpal mace (about 15% to
                  | evade the +8 lance "Wyrmbane")
 14906 | D:13     | Aim: a gargoyle, wielding a +0 vorpal mace (about 15% to
                  | evade the +8 lance "Wyrmbane")
 14907 | D:13     | Aim: a gargoyle, wielding a +0 vorpal mace (lightly
                  | damaged, about 15% to evade the +8 lance "Wyrmbane")
 14907 | D:13     | Aim: a gargoyle, wielding a +0 vorpal mace (lightly
                  | damaged, about 15% to evade the +8 lance "Wyrmbane")
 15595 | D:13     | Reached skill level 9 in Invocations
 15993 | D:13     | Aim: an orc knight, wielding a +3 glaive of distortion and
                  | wearing a +1 chain mail of fire resistance (about 25% to
                  | evade the +8 lance "Wyrmbane")
 15993 | D:13     | Aim: an orc knight, wielding a +3 glaive of distortion and
                  | wearing a +1 chain mail of fire resistance (about 25% to
                  | evade the +8 lance "Wyrmbane")
 15994 | D:13     | Aim: an orc knight, wielding a +3 glaive of distortion and
                  | wearing a +1 chain mail of fire resistance (lightly
                  | wounded, about 25% to evade the +8 lance "Wyrmbane")
 15994 | D:13     | Aim: an orc knight, wielding a +3 glaive of distortion and
                  | wearing a +1 chain mail of fire resistance (lightly
                  | wounded, about 25% to evade the +8 lance "Wyrmbane")
 15995 | D:13     | Aim: an orc knight, wielding a +3 glaive of distortion and
                  | wearing a +1 chain mail of fire resistance (lightly
                  | wounded, about 25% to evade the +8 lance "Wyrmbane")
 15995 | D:13     | Aim: an orc knight, wielding a +3 glaive of distortion and
                  | wearing a +1 chain mail of fire resistance (lightly
                  | wounded, about 25% to evade the +8 lance "Wyrmbane")
 15996 | D:13     | Aim: an orc knight, wielding a +3 glaive of distortion and
                  | wearing a +1 chain mail of fire resistance (lightly
                  | wounded, about 25% to evade the +8 lance "Wyrmbane")
 15996 | D:13     | Aim: an orc knight, wielding a +3 glaive of distortion and
                  | wearing a +1 chain mail of fire resistance (lightly
                  | wounded, about 25% to evade the +8 lance "Wyrmbane")
 15997 | D:13     | Aim: an orc knight, wielding a +3 glaive of distortion and
                  | wearing a +1 chain mail of fire resistance (moderately
                  | wounded, about 25% to evade the +8 lance "Wyrmbane")
 15997 | D:13     | Aim: an orc knight, wielding a +3 glaive of distortion and
                  | wearing a +1 chain mail of fire resistance (moderately
                  | wounded, about 25% to evade the +8 lance "Wyrmbane")
 15998 | D:13     | Aim: an orc knight, wielding a +3 glaive of distortion and
                  | wearing a +1 chain mail of fire resistance (moderately
                  | wounded, about 25% to evade the +8 lance "Wyrmbane")
 15998 | D:13     | Aim: an orc knight, wielding a +3 glaive of distortion and
                  | wearing a +1 chain mail of fire resistance (moderately
                  | wounded, about 25% to evade the +8 lance "Wyrmbane")
 15999 | D:13     | Aim: an orc knight, wielding a +3 glaive of distortion and
                  | wearing a +1 chain mail of fire resistance (heavily
                  | wounded, about 25% to evade the +8 lance "Wyrmbane")
 15999 | D:13     | Aim: an orc knight, wielding a +3 glaive of distortion and
                  | wearing a +1 chain mail of fire resistance (heavily
                  | wounded, about 25% to evade the +8 lance "Wyrmbane")
 16000 | D:13     | Aim: an orc knight, wielding a +3 glaive of distortion and
                  | wearing a +1 chain mail of fire resistance (heavily
                  | wounded, about 25% to evade the +8 lance "Wyrmbane")
 16000 | D:13     | Aim: an orc knight, wielding a +3 glaive of distortion and
                  | wearing a +1 chain mail of fire resistance (heavily
                  | wounded, about 25% to evade the +8 lance "Wyrmbane")
 16001 | D:13     | Aim: an orc knight, wielding a +3 glaive of distortion and
                  | wearing a +1 chain mail of fire resistance (heavily
                  | wounded, about 25% to evade the +8 lance "Wyrmbane")
 16001 | D:13     | Aim: an orc knight, wielding a +3 glaive of distortion and
                  | wearing a +1 chain mail of fire resistance (heavily
                  | wounded, about 25% to evade the +8 lance "Wyrmbane")
 16002 | D:13     | Aim: an orc knight, wielding a +3 glaive of distortion and
                  | wearing a +1 chain mail of fire resistance (heavily
                  | wounded, about 25% to evade the +8 lance "Wyrmbane")
 16002 | D:13     | Aim: an orc knight, wielding a +3 glaive of distortion and
                  | wearing a +1 chain mail of fire resistance (heavily
                  | wounded, about 25% to evade the +8 lance "Wyrmbane")
 16003 | D:13     | Aim: an orc knight, wielding a +3 glaive of distortion and
                  | wearing a +1 chain mail of fire resistance (heavily
                  | wounded, about 25% to evade the +8 lance "Wyrmbane")
 16003 | D:13     | Aim: an orc knight, wielding a +3 glaive of distortion and
                  | wearing a +1 chain mail of fire resistance (heavily
                  | wounded, about 25% to evade the +8 lance "Wyrmbane")
 16006 | D:13     | Aim: an orc knight, wielding a +3 glaive of distortion and
                  | wearing a +1 chain mail of fire resistance (heavily
                  | wounded, about 25% to evade the +8 lance "Wyrmbane")
 16006 | D:13     | Aim: an orc knight, wielding a +3 glaive of distortion and
                  | wearing a +1 chain mail of fire resistance (heavily
                  | wounded, about 25% to evade the +8 lance "Wyrmbane")
 16007 | D:13     | Aim: an orc knight, wielding a +3 glaive of distortion and
                  | wearing a +1 chain mail of fire resistance (almost dead,
                  | about 25% to evade the +8 lance "Wyrmbane")
 16007 | D:13     | Aim: an orc knight, wielding a +3 glaive of distortion and
                  | wearing a +1 chain mail of fire resistance (almost dead,
                  | about 25% to evade the +8 lance "Wyrmbane")
 16008 | D:13     | Aim: an orc knight, wielding a +3 glaive of distortion and
                  | wearing a +1 chain mail of fire resistance (almost dead,
                  | about 25% to evade the +8 lance "Wyrmbane")
 16008 | D:13     | Aim: an orc knight, wielding a +3 glaive of distortion and
                  | wearing a +1 chain mail of fire resistance (almost dead,
                  | about 25% to evade the +8 lance "Wyrmbane")
 16009 | D:13     | Aim: an orc knight, wielding a +3 glaive of distortion and
                  | wearing a +1 chain mail of fire resistance (almost dead,
                  | about 25% to evade the +8 lance "Wyrmbane")
 16009 | D:13     | Aim: an orc knight, wielding a +3 glaive of distortion and
                  | wearing a +1 chain mail of fire resistance (almost dead,
                  | about 25% to evade the +8 lance "Wyrmbane")
 16010 | D:13     | Aim: an orc knight, wielding a +3 glaive of distortion and
                  | wearing a +1 chain mail of fire resistance (almost dead,
                  | about 25% to evade the +8 lance "Wyrmbane")
 16010 | D:13     | Aim: an orc knight, wielding a +3 glaive of distortion and
                  | wearing a +1 chain mail of fire resistance (almost dead,
                  | about 25% to evade the +8 lance "Wyrmbane")
 16011 | D:13     | Aim: an orc knight, wielding a +3 glaive of distortion and
                  | wearing a +1 chain mail of fire resistance (almost dead,
                  | about 25% to evade the +8 lance "Wyrmbane")
 16011 | D:13     | Aim: an orc knight, wielding a +3 glaive of distortion and
                  | wearing a +1 chain mail of fire resistance (almost dead,
                  | about 25% to evade the +8 lance "Wyrmbane")
 16012 | D:13     | Aim: an orc knight, wielding a +3 glaive of distortion and
                  | wearing a +1 chain mail of fire resistance (almost dead,
                  | about 25% to evade the +8 lance "Wyrmbane")
 16012 | D:13     | Aim: an orc knight, wielding a +3 glaive of distortion and
                  | wearing a +1 chain mail of fire resistance (almost dead,
                  | about 25% to evade the +8 lance "Wyrmbane")
 16021 | D:13     | Reached skill level 9 in Polearms
 16224 | D:13     | Found a gate to the Vaults.
 16327 | D:14     | Noticed Snorg
 16351 | D:14     | Killed Snorg
 16352 | D:14     | Reached skill level 8 in Hexes
 16577 | D:14     | Identified the +5 quarterstaff of Neurosis {vorpal, rC+
                  | Str+3 Int-2}
 17462 | D:15     | Entered Level 15 of the Dungeon
 17470 | D:15     | Aim: a centaur warrior, wielding a +0 shortbow and
                  | quivering arrows (heavily wounded, about 19% to evade the
                  | +8 lance "Wyrmbane")
 17470 | D:15     | Aim: a centaur warrior, wielding a +0 shortbow and
                  | quivering arrows (heavily wounded, about 19% to evade the
                  | +8 lance "Wyrmbane")
 17471 | D:15     | Aim: a centaur warrior, wielding a +0 shortbow and
                  | quivering arrows (heavily wounded, about 19% to evade the
                  | +8 lance "Wyrmbane")
 17471 | D:15     | Aim: a centaur warrior, wielding a +0 shortbow and
                  | quivering arrows (heavily wounded, about 19% to evade the
                  | +8 lance "Wyrmbane")
 17472 | D:15     | Aim: a centaur warrior, wielding a +0 shortbow and
                  | quivering arrows (severely wounded, about 19% to evade the
                  | +8 lance "Wyrmbane")
 17472 | D:15     | Aim: a centaur warrior, wielding a +0 shortbow and
                  | quivering arrows (severely wounded, about 19% to evade the
                  | +8 lance "Wyrmbane")
 17473 | D:15     | Reached XP level 15. HP: 65/84 MP: 15/23
 17493 | D:15     | Found a gate leading to a gauntlet.
 17502 | Gauntlet | Entered a Gauntlet
 17502 | Gauntlet | Found a large runed translucent door.
 17502 | Gauntlet | Found a large runed translucent door.
 17502 | Gauntlet | Found a large runed translucent door.
 17502 | Gauntlet | Found a large runed translucent door.
 17502 | Gauntlet | Found a runed translucent door.
 17502 | Gauntlet | Found a large runed translucent door.
 17502 | Gauntlet | Found a large runed translucent door.
 17502 | Gauntlet | Found a transporter.
 17502 | Gauntlet | Found a transporter.
 17502 | Gauntlet | Found a large runed translucent door.
 17502 | Gauntlet | Found a large runed translucent door.
 17502 | Gauntlet | Found a runed translucent gate.
 17502 | Gauntlet | Found a runed translucent gate.
 17502 | Gauntlet | Found a transporter.
 17511 | Gauntlet | Found a runed translucent door.
 17511 | Gauntlet | Found a runed translucent gate.
 17514 | Gauntlet | Found a transporter.
 17519 | Gauntlet | Found a large runed translucent door.
 17519 | Gauntlet | Found a large runed translucent door.
 17524 | Gauntlet | Found a transporter.
 17524 | Gauntlet | Found a transporter.
 17528 | Gauntlet | Found a transporter.
 17540 | Gauntlet | Found a transporter.
 17584 | Gauntlet | Found a large runed translucent door.
 17584 | Gauntlet | Found a large runed translucent door.
 17587 | Gauntlet | Found a large runed translucent door.
 17587 | Gauntlet | Found a large runed translucent door.
 17588 | Gauntlet | Found a large runed translucent door.
 17589 | Gauntlet | Found a large runed translucent door.
 17629 | Gauntlet | Found a transporter.
 17631 | Gauntlet | Found a transporter.
 17643 | Gauntlet | Found a transporter.
 17653 | Gauntlet | Found a transporter.
 17785 | Gauntlet | Identified the ring of Mierghog {rF+ SInv}
 17956 | Gauntlet | Identified the +1 pair of boots of the Evening {+Inv rC+}
 17982 | Gauntlet | Corrupted Gauntlet
 17982 | Gauntlet | Noticed a Hell Sentinel
 17982 | Gauntlet | Noticed a tentacled starspawn
 17982 | Gauntlet | Noticed a Hell Sentinel
 17987 | Gauntlet | Identified the +6 arbalest "Hetingy" {elec, Fly rElec rPois
                  | Str+5 Dex-4}
 17987 | Gauntlet | Identified the +4 plate armour of Amorality {Dex+4}
 17999 | Gauntlet | Noticed an Executioner
 18109 | Gauntlet | Noticed a tentacled starspawn
 18119 | Gauntlet | Identified the amulet "Tokuji" {Spirit rF- Int+5}
 18155 | Gauntlet | Noticed a tentacled starspawn
 18197 | Gauntlet | Identified the +8 morningstar "Killer Bee's Death" {freeze,
                  | rPois Dex+4 SInv}
 18205 | Gauntlet | You pick up a book of Spatial Translocations and begin
                  | reading...
 18205 | Gauntlet | You add the spells Blink, Lesser Beckoning and Manifold
                  | Assault to your library.
 18265 | D:15     | Reached skill level 12 in Fighting
 18275 | D:15     | Reached skill level 10 in Invocations
 18340 | D:15     | Aim: a skeletal warrior, wielding a +0 glaive (moderately
                  | damaged, about 22% to evade the +8 lance "Wyrmbane")
 18340 | D:15     | Aim: a skeletal warrior, wielding a +0 glaive (moderately
                  | damaged, about 22% to evade the +8 lance "Wyrmbane")
 18341 | D:15     | Aim: a skeletal warrior, wielding a +0 glaive (heavily
                  | damaged, about 22% to evade the +8 lance "Wyrmbane")
 18341 | D:15     | Aim: a skeletal warrior, wielding a +0 glaive (heavily
                  | damaged, about 22% to evade the +8 lance "Wyrmbane")
 18342 | D:15     | Aim: a skeletal warrior, wielding a +0 glaive (heavily
                  | damaged, about 22% to evade the +8 lance "Wyrmbane")
 18342 | D:15     | Aim: a skeletal warrior, wielding a +0 glaive (heavily
                  | damaged, about 22% to evade the +8 lance "Wyrmbane")
 18509 | D:15     | Found a staircase to the Depths.
 18668 | D:15     | Found a runed translucent door.
 18669 | D:15     | Noticed a shadow dragon
 18774 | D:15     | Identified a +2 robe of the Archmagi
 18774 | D:15     | Noticed Josephine
 18795 | D:15     | Killed Josephine
 18900 | D:15     | Reached skill level 10 in Polearms
 18900 | D:15     | Reached skill level 11 in Dodging
 19057 | D:15     | Learned a level 3 spell: Dazzling Flash
 19357 | Lair:1   | Entered Level 1 of the Lair of Beasts
 19389 | Lair:1   | Noticed Harold
 19399 | Lair:1   | Killed Harold
 19538 | Lair:1   | Reached skill level 1 in Throwing
 19933 | Lair:1   | Identified the +4 scale mail "Luqat" {Dex+5}
 20479 | Lair:2   | Found a transporter.
 20497 | Lair:2   | Noticed Erica
 20509 | Lair:2   | Killed Erica
 20594 | Lair:2   | Found a transporter.
 21005 | Lair:2   | Reached skill level 2 in Throwing
 21081 | Lair:2   | You add the spells Conjure Flame, Ignite Poison and Sticky
                  | Flame to your library.
 21307 | Lair:2   | Identified the +1 pair of gloves of Action {rElec}
 21402 | Lair:3   | Found a staircase to the Shoals.
 21555 | Lair:3   | You pick up a book of Vapours and begin reading...
 21776 | Lair:3   | You pick up a book of Dreams and begin reading...
 21776 | Lair:3   | You add the spells Ensorcelled Hibernation and Spider Form
                  | to your library.
 21868 | Lair:3   | Learned a level 2 spell: Ensorcelled Hibernation
 22064 | Lair:3   | Noticed Gastronok
 22085 | Lair:3   | Killed Gastronok
 22320 | Lair:4   | You fall into a shaft and drop 2 floors!
 22320 | Lair:6   | Entered Level 6 of the Lair of Beasts
 22399 | Lair:5   | Reached skill level 3 in Throwing
 22512 | Lair:5   | Found a staircase to the Slime Pits.
 22520 | Lair:5   | Reached XP level 16. HP: 70/90 MP: 13/24
 23642 | Lair:5   | You pick up a book of Unlife and begin reading...
 23642 | Lair:5   | You add the spells Animate Dead, Borgnjor's Vile Clutch and
                  | Death Channel to your library.
 23870 | Lair:4   | Reached skill level 4 in Throwing
 23955 | Lair:4   | Found a staircase to the Snake Pit.
 24057 | Lair:4   | Reached skill level 13 in Fighting
 24086 | Lair:4   | Reached skill level 11 in Polearms
 24138 | Lair:4   | You pick up a book of Unlife and begin reading...
 24227 | Lair:4   | Reached skill level 9 in Hexes
 24759 | Lair:6   | Noticed Nessos
 24772 | Lair:6   | Banished Nessos
 25164 | Lair:6   | Reached skill level 12 in Dodging
 25199 | Lair:6   | Reached skill level 5 in Throwing
 25539 | Lair:6   | Found the +7 captain's cutlass {speed, disarm}
 25551 | Lair:6   | HP: 16/91 [drowned by a drowned soul[a merfolk avatar]
                  | (10)]
 25671 | Lair:6   | You pick up a book of Ice and begin reading...
 25671 | Lair:6   | You add the spells Freezing Cloud, Simulacrum and Polar
                  | Vortex to your library.
 25945 | Snake:1  | Entered Level 1 of the Snake Pit
 25974 | Snake:1  | HP: 22/91 [black mamba (9)]
 26198 | Snake:1  | Learned a level 6 spell: Invisibility
 26316 | Snake:1  | Noticed Agnes
 26333 | Snake:1  | Killed Agnes
 26516 | Snake:1  | Reached XP level 17. HP: 94/95 MP: 25/25
 26531 | Snake:1  | Reached skill level 10 in Hexes
 26689 | Snake:1  | Acquired a manual of Hexes
 26779 | Snake:1  | Identified the +11 long sword "Munet" {freeze, *Slow +Blink
                  | rCorr}
 27295 | Snake:2  | You pick up a book of Transfigurations and begin reading...
 27295 | Snake:2  | You add the spells Irradiate, Blade Hands and Dragon Form
                  | to your library.
 27314 | Snake:2  | Noticed Vashnia
 27337 | Snake:2  | Reached skill level 6 in Throwing
 27362 | Snake:2  | Killed Vashnia
 27753 | Snake:2  | Reached skill level 12 in Polearms
 28025 | Snake:2  | Reached skill level 11 in Hexes
 28670 | Snake:3  | Reached skill level 14 in Fighting
 28725 | Snake:3  | HP: 21/97 [constriction (5)]
 28727 | Snake:3  | Slain by a nagaraja

Vanquished Creatures
  Vashnia (Snake:2)
  Gastronok (Lair:3)
  Agnes (Snake:1)
  An entropy weaver (Gauntlet)
  Snorg (D:14)
  Josephine (D:15)
  A deep elf high priest (D:12)
  Harold (Lair:1)
  3 vault guards (D:13)
  14 hydras
  5 naga warriors
  An ogre mage (D:13)
  Erica (Lair:2)
  2 boulder beetles
  3 demonspawn (Orc:2)
  9 anacondas
  11 centaur warriors
  4 two-headed ogres
  A tengu warrior (D:15)
  4 death yaks (Lair:5)
  5 orc high priests (Orc:2)
  7 naga sharpshooters
  A deep elf knight (D:13)
  A shock serpent (Snake:3)
  2 skeletal warriors (D:15)
  A titan zombie (D:15)
  A sixfirhy (Orc:2)
  A salamander mystic (Snake:2)
  A deep elf archer (D:13)
  A flayed ghost (D:9)
  A harpy (Lair:6)
  3 naga ritualists
  A sea snake (Lair:6)
  Pikel (D:5)
  A deep elf pyromancer (D:14)
  A necromancer (D:15)
  3 mana vipers (Snake:1)
  7 orc knights
  A shining eye (Gauntlet)
  4 oklob plants (Lair:5)
  4 ugly things
  7 cyclopes
  5 orc sorcerers (Orc:2)
  4 manticores
  7 elephants
  5 salamanders
  An elephant (shapeshifter) (D:14)
  24 black mambas
  An apocalypse crab (Gauntlet)
  3 guardian serpents
  Maurice (D:8)
  4 naga magi
  An ice statue (Lair:5)
  14 cane toads
  4 gargoyles
  A torpor snail (Lair:3)
  A frost giant skeleton (D:15)
  2 unseen horrors (D:12)
  8 rime drakes
  A yaktaur (D:13)
  2 tengu conjurers
  9 komodo dragons
  A kobold demonologist (D:14)
  A freezing wraith (Lair:5)
  Psyche (D:9)
  An ice devil (Orc:2)
  4 burning bushes (Lair:6)
  2 wind drakes (Lair:6)
  3 meliai (D:13)
  15 trolls
  11 polar bears
  2 queen bees
  2 hornets
  4 dream sheep (Lair:6)
  2 slime creatures (D:12)
  7 blink frogs
  8 flying skulls (Gauntlet)
  A centaur simulacrum (D:14)
  4 vampires
  5 wyverns
  2 shadows
  A redback (Gauntlet)
  A ynoxinul (Orc:2)
  11 wraiths
  4 fire elementals (Orc:2)
  46 yaks
  A golden eye (Gauntlet)
  A spriggan skeleton (D:15)
  A fire bat (D:9)
  4 basilisks
  A human (D:11)
  Eustachio (D:6)
  A chaos spawn (Orc:2)
  2 steam dragons
  19 vampire mosquitoes
  3 wargs
  Edmund (D:4)
  18 nagas
  16 water moccasins
  A hell hound (Orc:2)
  A floating eye (Gauntlet)
  32 orc warriors
  A sky beast (D:6)
  5 black bears
  8 ice beasts
  8 ogres
  2 necrophages (D:10)
  16 centaurs
  16 wolves
  4 lemures (D:4)
  3 kobold brigands
  11 bullfrogs
  A wyvern zombie (D:5)
  A gnoll sergeant (D:8)
  2 elf zombies (Ossuary)
  4 scorpions
  A water moccasin skeleton (D:5)
  32 killer bees
  8 wights
  An electric eel (D:14)
  3 howler monkeys
  A crimson imp (D:5)
  2 bullfrog zombies
  6 centaur zombies
  2 hounds
  2 human zombies
  25 orc priests
  A jelly (D:6)
  6 iguanas
  Jessica (D:2)
  A gnoll shaman (D:4)
  Ijyb (D:4)
  27 orc wizards
  4 mummies
  Robin (D:4)
  10 gnolls
  2 howler monkey skeletons
  3 adders
  4 white imps
  An adder skeleton (D:4)
  2 adder zombies (Ossuary)
  5 worms
  2 dart slugs (D:1)
  62 orcs
  16 bats
  6 endoplasms
  5 giant cockroaches
  26 goblins
  10 hobgoblins
  A jackal (D:2)
  25 kobolds
  3 quokkas
  9 ball pythons
  5 frilled lizards
  A goblin zombie (Ossuary)
  8 hobgoblin zombies (Ossuary)
  A jackal zombie (Ossuary)
  10 kobold zombies (Ossuary)
  9 orc zombies (Ossuary)
  7 rats
  A rat zombie (Ossuary)
  A briar patch (Lair:2)
903 creatures vanquished.

Vanquished Creatures (collateral kills)
  A merfolk avatar (Lair:6)
  A vampire mage (D:15)
  A manticore (Lair:6)
3 creatures vanquished.

Vanquished Creatures (others)
  A minotaur (Gauntlet)
  A great orb of eyes (Gauntlet)
  An ugly thing (Gauntlet)
  66 fungi
  91 plants
  5 withered plants (D:15)
165 creatures vanquished.

Grand Total: 1071 creatures vanquished

Table legend:
 A = Non-vault XP
 B = Vault XP
 C = Vault XP percentage of total XP
 D = Non-vault monster count
 E = Vault monster count
 F = Vault count percentage of total count
                 A         B        C        D         E       F
            +---------+---------+-------+---------+---------+-------
      Total |  118555 |   94704 |  44.4 |     533 |     374 |  41.2
            +---------+---------+-------+---------+---------+-------
        D:1 |      57 |       0 |   0.0 |      25 |       0 |   0.0
        D:2 |      72 |      58 |  44.6 |      18 |       6 |  25.0
        D:3 |      68 |      37 |  35.2 |      15 |      18 |  54.5
        D:4 |     900 |     238 |  20.9 |      26 |      15 |  36.6
        D:5 |     608 |     691 |  53.2 |      11 |       2 |  15.4
        D:6 |    1521 |     188 |  11.0 |      21 |       1 |   4.5
        D:7 |     270 |       0 |   0.0 |      16 |       0 |   0.0
        D:8 |    1602 |     570 |  26.2 |      16 |       3 |  15.8
        D:9 |    1714 |    3564 |  67.5 |      37 |      18 |  32.7
       D:10 |    1174 |    1331 |  53.1 |       6 |       8 |  57.1
       D:11 |    5086 |    1817 |  26.3 |      14 |      27 |  65.9
       D:12 |    4321 |   12689 |  74.6 |      14 |      28 |  66.7
       D:13 |    8753 |    8946 |  50.5 |      26 |      14 |  35.0
       D:14 |    5240 |    1747 |  25.0 |      13 |       3 |  18.8
       D:15 |    9368 |    6242 |  40.0 |      17 |      13 |  43.3
     Lair:1 |    4983 |     889 |  15.1 |      23 |       1 |   4.2
     Lair:2 |    3301 |     868 |  20.8 |       9 |       1 |  10.0
     Lair:3 |    3677 |    3716 |  50.3 |      15 |      31 |  67.4
     Lair:4 |    9473 |     160 |   1.7 |      34 |       1 |   2.9
     Lair:5 |   10832 |    5195 |  32.4 |      38 |      18 |  32.1
     Lair:6 |   10396 |    9728 |  48.3 |      30 |      22 |  42.3
    Snake:1 |   17199 |    1428 |   7.7 |      37 |       1 |   2.6
    Snake:2 |   11169 |    9337 |  45.5 |      21 |      11 |  34.4
    Snake:3 |    4267 |     784 |  15.5 |       8 |       1 |  11.1
      Orc:1 |    1973 |       0 |   0.0 |      34 |       0 |   0.0
      Orc:2 |     531 |   19095 |  97.3 |       9 |      72 |  88.9
    Ossuary |       0 |     339 | 100.0 |       0 |      38 | 100.0
   Gauntlet |       0 |    5047 | 100.0 |       0 |      21 | 100.0
            +---------+---------+-------+---------+---------+-------

Illustrated notes

Table legend:
 A = Kills in this place as a percentage of kills in entire the game.
 B = Kills by you in this place as a percentage of kills by you in the entire game.
 C = Kills by friends in this place as a percentage of kills by friends in the entire game.
 D = Other kills in this place as a percentage of other kills in the entire game.
 E = Experience gained in this place as a percentage of experience gained in the entire game.
 F = Experience gained in this place divided by the number of levels of this place that you have seen.
                   A       B       C       D       E      F
               +-------+-------+-------+-------+-------+----------------------
         Total | 100.0 | 100.0 | 100.0 | 100.0 | 100.0 | 7353.8
       Dungeon |  47.5 |  47.6 |  33.3 |  50.0 |  37.0 | 5258.1
          Lair |  24.6 |  24.5 |  66.7 |  16.7 |  29.6 | 10536.3
     Snake Pit |   8.7 |   8.8 |   0.0 |   0.0 |  20.7 | 14728.0
  Orcish Mines |  12.7 |  12.6 |   0.0 |  33.3 |  10.1 | 10799.5
       Ossuary |   4.2 |   4.2 |   0.0 |   0.0 |   0.2 | 339.0
      Gauntlet |   2.3 |   2.3 |   0.0 |   0.0 |   2.4 | 5047.0
               +-------+-------+-------+-------+-------+----------------------

Table legend: (Time is in decaauts)
 A = Elapsed time spent in this place.
 B = Non-inter-level travel time spent in this place.
 C = Inter-level travel time spent in this place.
 D = Time resting spent in this place.
 E = Time spent auto-exploring this place.
 F = Levels seen in this place.
 G = Mean time per level.
                   A        B        C        D        E       F      G
               +--------+--------+--------+--------+--------+-----+--------+
         Total |  27775 |  26431 |   1344 |   1209 |  18327 |  29 |  957.8 |
       Dungeon |  14970 |  14292 |    678 |    632 |  10339 |  15 |  998.0 |
          Lair |   6276 |   5955 |    321 |    263 |   4361 |   6 | 1046.0 |
     Snake Pit |   2466 |   2385 |     81 |    116 |   1682 |   3 |  822.0 |
  Orcish Mines |   2823 |   2559 |    264 |    127 |   1383 |   2 | 1411.5 |
         Abyss |    347 |    347 |      0 |      0 |    296 |   1 |  347.0 |
       Ossuary |    249 |    249 |      0 |      0 |    104 |   1 |  249.0 |
      Gauntlet |    641 |    641 |      0 |     70 |    162 |   1 |  641.0 |
               +--------+--------+--------+--------+--------+-----+--------+

Top non-repeatable levels by time:
   Orc:2: 2229 daAuts
    D:13: 1634 daAuts
 Snake:2: 1468 daAuts
     D:1: 1382 daAuts
  Lair:5: 1370 daAuts
     D:4: 1285 daAuts
     D:9: 1256 daAuts
  Lair:6: 1139 daAuts
  Lair:2: 1132 daAuts
    D:14: 1100 daAuts
    D:12: 994 daAuts
    D:15: 969 daAuts
     D:2: 951 daAuts
     D:3: 942 daAuts
  Lair:4: 935 daAuts
